 Dungeon Crawl Stone Soup version 0.21.1-1-g345015f (webtiles) character file.

968 lalala the Charlatan (level 7, -1/62 HPs)
             Began as a Deep Dwarf Artificer on July 5, 2018.
             Was a Follower of Yredelemnul.
             Succumbed to Edmund's poison
             ... on level 5 of the Dungeon on July 6, 2018.
             The game lasted 00:32:51 (2247 turns).

lalala the Charlatan (Deep Dwarf Artificer)         Turns: 2247, Time: 00:32:52

Health: -1/62      AC: 14    Str: 17    XL:     7   Next: 93%
Magic:  9/9        EV:  5    Int: 10    God:    Yredelemnul [*.....]
Gold:   79         SH:  0    Dex: 13    Spells: 6/6 levels left

rFire    + . .     SeeInvis .   r - -3 dagger (curse)
rCold    x . .     Gourm    .   (no shield)
rNeg     . . .     Faith    .   i - +2 plate armour
rPois    .         Spirit   .   (no helmet)
rElec    .         Reflect  .   (no cloak)
rCorr    .         Harm     .   h - +0 pair of gloves
MR       +....                  (no boots)
Stlth    ..........             k - amulet of magic regeneration
HPRegen  0.00/turn              v - ring of fire
MPRegen  0.36/turn              (no ring)

@: lethally poisoned (-1 -> -8), non-regenerating, heavily drained
A: damage resistance, heal wounds, dopey 1, mutation resistance 1, sense
surroundings 1, no regeneration
a: Heal Wounds, Animate Remains, Renounce Religion


You were on level 5 of the Dungeon.
You worshipped Yredelemnul.
Yredelemnul was aware of your devotion.
You were not hungry.

You visited 1 branch of the dungeon, and saw 5 of its levels.

You collected 159 gold pieces.
You spent 80 gold pieces at shops.

Inventory:

Hand Weapons
 a - a +0 short sword
 g - a +0 falchion
 j - a +0 short sword
 l - a +0 club
 m - a +0 dire flail
 o - a +0 war axe
 q - a +0 war axe
 r - a cursed -3 dagger (weapon)
 t - a +0 dagger
Armour
 b - a +0 leather armour
 h - a +0 pair of gloves (worn)
 i - a +2 plate armour (worn)
 p - a +0 plate armour
 s - a +2 robe of cold resistance
Jewellery
 k - an amulet of magic regeneration (around neck)
 v - a ring of fire (left hand)
Wands
 c - a wand of flame (7)
 d - a wand of enslavement (6)
 e - a wand of random effects (12)
 u - a wand of polymorph (11)
Scrolls
 w - a scroll of identify
Potions
 n - a potion of heal wounds
Comestibles
 f - 3 rations


   Skills:
 + Level 3.6(2.2) Fighting
 + Level 3.3(2.0) Short Blades
 + Level 4.7(3.3) Axes
 + Level 4.4(3.0) Armour
 + Level 2.6(1.3) Dodging
 + Level 1.5(0.2) Stealth
 + Level 0.1(0.0) Invocations
 + Level 5.8(4.4) Evocations


You had 6 spell levels left.
You didn't know any spells.

Dungeon Overview and Level Annotations

Branches:
Dungeon (5/15)
 Temple: D:4-7

Altars:
Dithmenos
Ru
Vehumet
Xom
Yredelemnul

Shops:
D:4 !(*

Annotations:
D:5 Edmund


Innate Abilities, Weirdness & Mutations

You are resistant to damage.
You can heal yourself by infusing magical energy.
You passively map a small area around you.
You do not regenerate.
You are dopey. (Int -2)
You are somewhat resistant to further mutation.


Message History

* * * LOW HITPOINT WARNING * * *
You are lethally poisoned!
Edmund poisons you!
Your plate armour prevents you from hitting Edmund.
Edmund is lightly wounded.
* * * LOW HITPOINT WARNING * * *
You feel sick. Edmund bites you but does no damage.
You barely miss Edmund.
Edmund is lightly wounded.
* * * LOW HITPOINT WARNING * * *
You feel very sick. Edmund barely misses you.
Edmund bites you but does no damage.
Your plate armour prevents you from hitting Edmund.
Edmund is lightly wounded.
* * * LOW HITPOINT WARNING * * *
You feel sick. Edmund bites you but does no damage.
You miss Edmund.
Edmund is lightly wounded.
You die...
Your body rises from the dead as a mindless zombie.

#.#.......#..# ##...
....._......######.(..
*,#.......#......()@5..
#,#.......#....#####().
#. *..... #....#####...
#.####.####............
#......).....##........
#.#.#######..##........
#...)S@......##........
############.##........
#.##........
#.##........
#..#........ #. , , ,


You could see Edmund the water moccasin.

Vanquished Creatures
  The ghost of eyesofgods1 the Ogre Mage, an amateur OgTm (D:4)
  Duvessa (D:5)
  A sky beast (D:4)
  2 ogres (D:4)
  Blork the orc (D:4)
  A howler monkey (D:4)
  A crimson imp (D:2)
  A hound (D:4)
  4 orc priests
  An orc wizard (D:4)
  A worker ant (D:4)
  A worker ant zombie (D:3)
  4 adders
  An orc zombie (D:4)
  A dart slug (D:2)
  4 leopard geckos
  13 orcs
  A ball python (D:2)
  2 giant cockroaches (D:2)
  4 goblins
  2 hobgoblins (D:3)
  2 bats
  4 frilled lizards
  2 rats
56 creatures vanquished.

Vanquished Creatures (collateral kills)
  A centaur (D:5)
  A crimson imp (D:5)
  A hound (D:4)
  An orc (D:4)
  A giant cockroach (D:4)
  A frilled lizard (D:1)
6 creatures vanquished.

Vanquished Creatures (others)
  Dowan (D:5)
1 creature vanquished.

Grand Total: 63 creatures vanquished

Notes
Turn   | Place    | Note
-------+----------+-------------------------------------------
     0 | D:1      | lalala the Deep Dwarf Artificer began the quest for the Orb.
     0 | D:1      | Reached XP level 1. HP: 16/16 MP: 3/3
   213 | D:2      | Reached skill level 1 in Short Blades
   220 | D:2      | Reached XP level 2. HP: 19/24 MP: 5/5
   527 | D:2      | Reached skill level 1 in Fighting
   611 | D:2      | Reached XP level 3. HP: 15/31 MP: 6/6
   765 | D:2      | Reached skill level 1 in Armour
   765 | D:2      | Reached skill level 5 in Evocations
   765 | D:2      | Reached XP level 4. HP: 35/38 MP: 7/7
   768 | D:2      | Found a basalt altar of Yredelemnul.
   783 | D:2      | Became a worshipper of Yredelemnul the Dark
   983 | D:3      | Found a shimmering altar of Xom.
   987 | D:3      | Found a stormy altar of Qazlal.
   987 | D:3      | Found a glowing golden altar of the Shining One.
   989 | D:3      | Found a hide-covered altar of Uskayaw.
   989 | D:3      | Found a deep blue altar of Sif Muna.
   989 | D:3      | Found a hide-covered altar of Uskayaw.
  1055 | D:3      | Found a sacrificial altar of Ru.
  1213 | D:3      | Found a shadowy altar of Dithmenos.
  1215 | D:3      | Reached XP level 5. HP: 37/45 MP: 8/8
  1276 | D:4      | Found Voulitan's Distillery.
  1278 | D:4      | Bought a potion of mutation for 80 gold pieces
  1278 | D:4      | Gained mutation: You are dopey. (Int -2) [potion of mutation]
  1278 | D:4      | Gained mutation: You are somewhat resistant to further mutation. [potion of mutation]
  1282 | D:4      | Noticed eyesofgods1's ghost (amateur OgTm)
  1324 | D:4      | Killed eyesofgods1's ghost
  1324 | D:4      | Reached XP level 6. HP: 30/55 MP: 8/10
  1403 | D:4      | Noticed Blork the orc
  1414 | D:4      | Killed Blork the orc
  1510 | D:4      | Reached XP level 7. HP: 30/61 MP: 10/10
  1527 | D:4      | Reached * piety under Yredelemnul
  1666 | D:4      | Found Roroiff's Antique Weapon Boutique.
  1760 | D:4      | Found Ymuarch's General Store.
  1988 | D:5      | Entered Level 5 of the Dungeon
  2151 | D:5      | Noticed Dowan
  2157 | D:5      | Noticed Duvessa
  2164 | D:5      | Noticed Edmund
  2184 | D:5      | Your ally died
  2205 | D:5      | Found a radiant altar of Vehumet.
  2209 | D:5      | Killed Duvessa
  2222 | D:5      | HP: 2/62 [poisoned by Duvessa]
  2224 | D:5      | Noticed Edmund
  2224 | D:5      | Edmund changed into Edmund the water moccasin
  2245 | D:5      | HP: 3/62 [poisoned by Edmund]
  2246 | D:5      | HP: 1/62 [poisoned by Edmund]
  2247 | D:5      | Succumbed to Edmund's poison

Skill      XL: |  1  2  3  4  5  6  7 |
---------------+----------------------+-----
Short Blades   | 1 2 3 |  3.3
Fighting       | 1 2 3 |  3.6
Armour         | 1 2 3 4 |  4.4
Evocations     | 5 |  5.8
Axes           | 2 3 4 |  4.7
Dodging        | |  2.6
Stealth        | |  1.5
Invocations    | |  0.1

Action                   |  1- 3 |  4- 6 |  7- 9 || total
-------------------------+-------+-------+-------++-------
Melee: Short sword       |   118 |    52 |       ||   170
       War axe           |       |    92 |    41 ||   133
       Dagger            |       |       |   139 ||   139
Invok: Animate Remains   |       |       |     2 ||     2
 Abil: Heal Wounds       |     1 |     4 |     7 ||    12
Evoke: Wand              |     2 |     6 |    14 ||    22
  Use: Scroll            |     4 |     5 |     3 ||    12
       Potion            |     5 |     2 |     1 ||     8
  Eat: Chunk             |       |     1 |       ||     1
       Ration            |       |     1 |     1 ||     2
Armor: Plate armour      |   102 |   101 |   146 ||   349
       Leather armour    |     3 |       |       ||     3
Dodge: Dodged            |    33 |    51 |    58 ||   142
